 Dungeon Crawl Stone Soup version 0.30-a0-723-gc1506a1cf0 (webtiles) character file.

Game seed: 8827860594157421197

312 gelatine the Chopper (level 6, -3/53 HPs)
             Began as a Minotaur Fighter on Jan 28, 2023.
             Was an Initiate of Qazlal.
             Slain by a gnoll
             ... wielding a +4 spear of distortion
              (5 damage)
             ... on level 4 of the Dungeon.
             The game lasted 00:05:28 (2831 turns).

gelatine the Chopper (Minotaur Fighter)             Turns: 2831, Time: 00:05:29

Health: -3/53      AC: 12    Str: 26    XL:     6   Next: 18%
Magic:  5/5        EV:  9    Int:  4    God:    Qazlal [......]
Gold:   167        SH:  5    Dex: 15    Spells: 5/5 levels left

rFire   . . .      SeeInvis .    a - +0 war axe
rCold   . . .      Faith    .    c - +0 buckler
rNeg    . . .      Spirit   .    e - +0 chain mail
rPois   .          Reflect  .    (helmet unavailable)
rElec   .          Harm     .    s - +0 cloak {Stlth+}
rCorr   .          Rampage  .    (no gloves)
Will    .....                    q - +0 pair of boots Stlth
                                 (no amulet)
HPRegen 0.28/turn                r - +6 ring of dexterity
MPRegen 0.09/turn                t - ring of flight

@: flying
A: horns 3, retaliatory headbutt, strong 1
a: Renounce Religion


You were on level 4 of the Dungeon.
You worshipped Qazlal.
Qazlal was noncommittal.
You visited 1 branch of the dungeon, and saw 4 of its levels.

You collected 167 gold pieces.

Inventory:

Hand Weapons
 a - a +0 war axe (weapon)
Missiles
 m - 2 boomerangs (quivered)
Armour
 c - a +0 buckler (worn)
 e - a +0 chain mail (worn)
 q - a +0 pair of boots (worn)
 s - a +0 cloak of stealth (worn)
Jewellery
 r - a +6 ring of dexterity (left hand)
 t - a ring of flight (right hand)
Scrolls
 b - a scroll of brand weapon {unknown}
 g - 4 scrolls of summoning {unknown}
 i - a scroll of enchant weapon {unknown}
 k - 2 scrolls of fear {unknown}
 l - a scroll of torment {unknown}
 o - 3 scrolls of teleportation {unknown}
 p - 2 scrolls of identify {unknown}
 u - a scroll of poison {unknown}
Potions
 d - 2 potions of might
 f - a potion of mutation
 h - a potion of lignification {unknown}
 j - a potion of cancellation {unknown}
 n - 3 potions of attraction {unknown}


   Skills:
 * Level 4.5 Fighting
 * Level 5.3 Axes
 * Level 5.0 Armour
 * Level 2.0 Dodging
 + Level 0.1 Stealth
 * Level 4.4 Shields


You had 5 spell levels left.
You didn't know any spells.
Your spell library was empty.

Dungeon Overview and Level Annotations

Branches:
Dungeon (4/15)
 Temple: D:4-7

Altars:
Qazlal
Ru

Shops:
D:1 =


Innate Abilities, Weirdness & Mutations

You have a pair of large horns on your head.
You reflexively headbutt those who attack you in melee.
Your muscles are strong. (Str +4, Int/Dex -1)


Message History

A gnoll comes into view. It is wielding a +0 flail.
The gnoll shouts!
You hear a shout!
A kobold comes into view. It is wielding a +0 dagger.
Found a bubbling pink potion.
The gnoll hits you with a +0 flail.
You closely miss the kobold. Your headbutt misses the kobold.
You hit the gnoll. The kobold hits you but does no damage.
You block the gnoll's attack.
A gnoll comes into view.
It is wielding a +4 spear of distortion.
The gnoll barely misses you. The kobold completely misses you.
The gnoll shouts!
You slash the kobold!
You kill the kobold!
Qazlal accepts your kill.
You closely miss the gnoll. The gnoll closely misses you.
A gnoll comes into view. It is wielding a +0 spear.
You hit the gnoll.
The gnoll is heavily wounded.
The gnoll closely misses you. You block the gnoll's attack.
Found 17 gold pieces.
You block the gnoll's attack. The gnoll barely misses you.
The gnoll hits you with a +4 spear of distortion!
Things that are here:
a +0 dagger; 4 stones; a kobold corpse You barely miss the gnoll.
You slash the gnoll!
You kill the gnoll!
Qazlal accepts your kill. The gnoll misses you.
The gnoll hits you but does no damage. Space warps horribly around you!
The gnoll hits you but does no damage. x2
Space warps horribly around you.
You barely miss the gnoll. Your headbutt misses the gnoll.
The gnoll hits you from afar with a +0 spear.
You block the gnoll's attack.
You closely miss the gnoll.
The gnoll hits you but does no damage. x2
Space warps horribly around you!
* * * LOW HITPOINT WARNING * * *
It was a potion of mutation.
You feel extremely strange. The horns on your head grow some more.
You feel stronger. You block the gnoll's attack.
The gnoll hits you with a +4 spear of distortion.
You die...

#. #$... #. #... .# #. # #......#
#. #. #...... # #. .. #.. #.....
#.#. #.# #... #.##.####! #.#. #.#
#...g#.##...... #... #.#
#....g@....##### ###. #.#
#.....)......... #. #.#
####.......#### #.#.
#.#########.##.#..... ..#.#.
##+#......# #.##)# ######.#.#. #
#....####.# ..##)#.#..<(#.#.#. #
#.....# #.#.#####.#.#.#..#.#.#.
###.....# #.#.....#.#.#.#..#.#.#.
.<#.....###.#####.#.#.#.#..#.#.#.


You could see 2 gnolls.

Vanquished Creatures
  A phantom (D:4)
  A hound (D:4)
  Crazy Yiuf (D:3)
  An orc priest (D:3)
  An orc wizard (D:3)
  Robin (D:2)
  A gnoll (D:4)
  2 worms (D:3)
  A dart slug (D:4)
  10 orcs
  7 endoplasms
  4 giant cockroaches
  14 goblins
  12 hobgoblins
  2 quokkas (D:3)
  5 ball pythons
  3 bats
  2 frilled lizards
  5 kobolds
  4 rats
78 creatures vanquished.

Notes
Turn   | Place    | Note
-------+----------+-------------------------------------------
     0 | D:1      | gelatine the Minotaur Fighter began the quest for the Orb.
     0 | D:1      | Reached XP level 1. HP: 19/19 MP: 0/0
   212 | D:1      | Found Qiorghuet's One-of-a-Kind Rings.
   249 | D:1      | Reached XP level 2. HP: 26/27 MP: 1/1
  1184 | D:2      | Reached XP level 3. HP: 33/33 MP: 2/2
  1188 | D:2      | Noticed Robin
  1195 | D:2      | Killed Robin
  1200 | D:2      | Reached skill level 1 in Dodging
  1484 | D:3      | Reached XP level 4. HP: 20/40 MP: 3/3
  2032 | D:3      | Reached XP level 5. HP: 38/46 MP: 4/4
  2140 | D:3      | Found a runed translucent door.
  2141 | D:3      | Noticed Crazy Yiuf
  2147 | D:3      | Killed Crazy Yiuf
  2424 | D:4      | Found a sacrificial altar of Ru.
  2526 | D:4      | Found a stormy altar of Qazlal.
  2536 | D:4      | Became a worshipper of Qazlal Stormbringer
  2678 | D:4      | Noticed a phantom
  2688 | D:4      | Killed a phantom
  2689 | D:4      | Reached skill level 5 in Axes
  2689 | D:4      | Reached skill level 5 in Armour
  2689 | D:4      | Reached XP level 6. HP: 51/53 MP: 5/5
  2830 | D:4      | HP: 2/53 [gnoll/+4 spear of distortion (17)]
  2831 | D:4      | Gained mutation: You have a pair of large horns on your
                  | head. [potion of mutation]
  2831 | D:4      | Gained mutation: Your muscles are strong. (Str +4, Int/Dex
                  | -1) [potion of mutation]
  2831 | D:4      | Slain by a gnoll

Illustrated notes

Levels and vault maps discovered:
D:1:      minmay_arrival_split_and_join, layout_loops_cross, chequers_avenue,
          nicolae_shop_unique_rings
D:2:      layout_rooms, grunt_ministairs_10, skrybe_limestone_x, uniq_robin
D:3:      layout_loops_cross, fountainhead, uniq_crazy_yiuf_cottage
D:4:      layout_basic, nicolae_ru_sacrificial_ziggurat,
          makhleb_altar_promises_db, lemuel_round_altar,
          grunt_dithmenos_smoke_and_mirrors, minmay_fractal_squares_diagonal_5,
          uniq_edmund

Skill      XL: |  1  2  3  4  5 |
---------------+----------------+-----
Armour         | 4 5 |  5.0
Axes           | 3 4 5 |  5.3
Fighting       | 4 |  4.5
Dodging        | 1 2 |  2.0
Shields        | 4 |  4.4
Stealth        | |  0.1

Action                     |  1- 3 |  4- 6 || total
---------------------------+-------+-------++-------
  Melee: War axe           |    82 |    84 ||   166
         Headbutt          |    12 |    13 ||    25
    Use: Potion            |       |     1 ||     1
 Armour: Scale mail        |    49 |     5 ||    54
         Chain mail        |       |    33 ||    33
  Dodge: Dodged            |    34 |    29 ||    63
  Block: Buckler           |    20 |    21 ||    41

Table legend: (Time is in decaauts)
 A = Elapsed time spent in this place.
 B = Non-inter-level travel time spent in this place.
 C = Inter-level travel time spent in this place.
 D = Time resting spent in this place.
 E = Time spent auto-exploring this place.
 F = Levels seen in this place.
 G = Mean time per level.
                   A        B        C        D        E       F      G
               +--------+--------+--------+--------+--------+-----+--------+
         Total |   2889 |   2727 |    162 |      0 |   2123 |   4 |  722.2 |
       Dungeon |   2889 |   2727 |    162 |      0 |   2123 |   4 |  722.2 |
               +--------+--------+--------+--------+--------+-----+--------+

Top non-repeatable levels by time:
     D:3: 978 daAuts
     D:1: 907 daAuts
     D:2: 572 daAuts
     D:4: 430 daAuts
